[Event "Titled Tuesday Blitz December 20 Early 2022"]
[White "Mischuk, Dmitry"]
[Black "BlueWizzard"]
[WhiteFideId "14118734"]
[WhiteElo "2298"]
[BlackElo "2862"]
[Result "0-1"]
[Round "05"]
[TimeControl "180+2"]
[Date "2022.12.20"]
[WhiteClock "0:00:07"]
[BlackClock "0:00:15"]

1. e4 g6 2. d4 d5 3. exd5 Qxd5 4. Nc3 Qd6 5. Nf3 Bg7 6. g3 Bg4 7. Bf4 Qe6+ 8. Be3 Nh6 9. h3 Bxf3 10. Qxf3 c6 11. O-O-O Nf5 12. d5 cxd5 13. Nxd5 O-O 14. Bc4 Nc6 15. Rhe1 Ne5 16. Qe2 Nxe3 17. Nxe3 Nxc4 18. Nxc4 Qxh3 19. Qxe7 Qf5 20. Re2 Bf6 21. Qxb7 Rab8 22. Qd5 Qc8 23. c3 Qa6 24. a3 Rbc8 25. Re4 Bg7 26. Nd6 Rcd8 27. Qc5 Rd7 28. Nb5 Rb7 29. Nd4 Rfb8 30. Rd2 Bf8 31. Qd5 Qf1+ 32. Rd1 Qxf2 33. Re2 Qxg3 34. Rc2 Qg4 35. Nc6 Re8 36. Nd4 Rbe7 37. Qa5 h5 38. Qa4 Bh6+ 39. Rcd2 Re1 40. Kc2 Bxd2 41. Rxd2 Qe4+ 42. Kb3 Qd5+ 43. Kc2 h4 44. Qxa7 Rg1 45. Nc6 Qf5+ 46. Kb3 Rg4 47. Nd4 Qd5+ 48. Kc2 h3 49. Qc7 Rg2 50. Qf4 Qe4+ 51. Qxe4 Rxe4 52. Nf3 Re3 53. Nh2 Ree2 0-1


[Site "https://www.chess.com"]

[Event "Titled Tuesday Blitz December 20 Early 2022"]
[White "Mitrabha, Guha"]
[Black "Van der Nat, Nicholas"]
[WhiteFideId "5057000"]
[BlackFideId "14300427"]
[WhiteElo "2507"]
[BlackElo "2362"]
[Result "1-0"]
[Round "05"]
[TimeControl "180+2"]
[Date "2022.12.20"]
[WhiteClock "0:01:17"]
[BlackClock "0:00:06"]

1. d4 Nf6 2. Nf3 d5 3. Bg5 Ne4 4. Bf4 Bf5 5. Nbd2 e6 6. e3 Nxd2 7. Qxd2 Bd6 8. Bd3 Bxd3 9. Qxd3 Bxf4 10. exf4 Nd7 11. O-O O-O 12. Rfe1 Qf6 13. g3 a6 14. Ne5 Nxe5 15. Rxe5 g6 16. Rae1 Rfc8 17. h4 c5 18. dxc5 Rxc5 19. h5 Rac8 20. c3 Rc4 21. Kg2 b5 22. a3 a5 23. Qf3 b4 24. cxb4 axb4 25. Qg4 R8c6 26. a4 b3 27. h6 Qd8 28. Ra1 Ra6 29. Ra3 Raxa4 30. Rxb3 Rab4 31. Rbe3 Rxb2 32. Rxe6 fxe6 33. Qxe6+ Kf8 34. Qe5 Rxf2+ 35. Kxf2 Re4 36. Qh8+ Ke7 37. Qxh7+ Kd6 38. Qxg6+ Kc5 39. Rxe4 1-0


[Site "https://www.chess.com"]

[Event "Titled Tuesday Blitz December 20 Early 2022"]
[White "Monticone, Sonia"]
[Black "Toh, Terry"]
[WhiteFideId "836613"]
[BlackFideId "5800323"]
[WhiteElo "1887"]
[BlackElo "2394"]
[Result "0-1"]
[Round "05"]
[TimeControl "180+2"]
[Date "2022.12.20"]
[WhiteClock "0:00:04"]
[BlackClock "0:00:45"]

1. e4 e5 2. Nf3 Nc6 3. Bc4 Nf6 4. d3 Be7 5. O-O O-O 6. a4 d5 7. exd5 Nxd5 8. Re1 Bg4 9. h3 Bh5 10. Nc3 Nxc3 11. bxc3 Bd6 12. g4 Bg6 13. Ng5 h6 14. Ne4 Qh4 15. Qf3 Kh7 16. Ng3 Rae8 17. Nf5 Qf6 18. Bd5 Bxf5 19. Qxf5+ Qxf5 20. gxf5 Ne7 21. Bxb7 Nxf5 22. Be4 g6 23. Rb1 Rb8 24. Rb5 Ne7 25. Be3 a6 26. Ra5 Rb2 27. Rxa6 Rxc2 28. Rc1 Rxc1+ 29. Bxc1 f5 30. Bf3 Rb8 31. Kg2 f4 32. a5 Rb1 33. Bd2 Rb2 34. Be1 Nf5 35. Be4 Nh4+ 36. Kf1 Kg7 37. c4 Ra2 38. Rc6 f3 39. c5 Ra1 40. cxd6 cxd6 41. a6 Ng2 42. Bxf3 Nxe1 43. Ke2 Nc2 44. Rc7+ Kf6 45. Bb7 Nd4+ 46. Kd2 Ra2+ 47. Kc1 Nb5 48. Rc2 Ra3 49. Kb2 Ra5 50. Kb3 Nd4+ 51. Kb4 Rxa6 52. Bxa6 Nxc2+ 53. Kc3 Nd4 54. Kd2 Kf5 55. Ke3 Nc2+ 56. Kf3 Nb4 57. Bb5 d5 58. h4 Nxd3 59. Bxd3+ e4+ 60. Ke3 exd3 61. Kxd3 Kf4 62. Kd4 Kf3 63. Kxd5 Kxf2 64. Ke4 Kg3 65. h5 gxh5 66. Ke3 h4 0-1


[Site "https://www.chess.com"]

[Event "Titled Tuesday Blitz December 20 Early 2022"]
[White "Najdoski, Toni"]
[Black "Machidon, Cristi"]
[WhiteFideId "15001334"]
[BlackFideId "13904590"]
[WhiteElo "2598"]
[BlackElo "2279"]
[Result "0-1"]
[Round "05"]
[TimeControl "180+2"]
[Date "2022.12.20"]
[WhiteClock "0:00:17"]
[BlackClock "0:00:13"]

1. e4 Nc6 2. d4 e5 3. d5 Nce7 4. c4 Ng6 5. Nc3 Nf6 6. g3 Bc5 7. Bg2 d6 8. h3 O-O 9. Na4 Bb4+ 10. Bd2 Bxd2+ 11. Qxd2 c6 12. Ne2 cxd5 13. cxd5 b5 14. Nac3 b4 15. Na4 Bd7 16. b3 Qa5 17. a3 Rfb8 18. O-O Bxa4 19. axb4 Qxb4 20. Qxb4 Rxb4 21. Rxa4 Rxb3 22. Ra6 Ne8 23. Rc1 Ne7 24. f4 f6 25. fxe5 fxe5 26. h4 Rb6 27. Rca1 Nc8 28. Bh3 Rxa6 29. Rxa6 Nb6 30. Be6+ Kf8 31. Ra1 Ke7 32. Nc3 Nc7 33. Bg4 g6 34. Be2 h5 35. Kf2 a5 36. Ke3 a4 37. Nb5 Nxb5 38. Bxb5 a3 39. Kd3 Rf8 40. Ke2 Ra8 41. Kd3 Ra5 42. Bc6 a2 43. Kc3 Ra3+ 44. Kb2 Rxg3 45. Rxa2 Rg2+ 46. Kb3 Rxa2 47. Kxa2 Nc4 48. Bb5 Ne3 49. Bd3 Ng2 50. Kb2 Nxh4 51. Kc3 Nf3 52. Be2 Nd4 53. Bd1 h4 54. Bg4 Kf6 55. Kd3 Kg5 56. Bh3 Kf4 57. Be6 g5 0-1


[Site "https://www.chess.com"]

[Event "Titled Tuesday Blitz December 20 Early 2022"]
[White "Nakamura, Hikaru"]
[Black "VincentKeymer"]
[WhiteFideId "2016192"]
[WhiteElo "2775"]
[BlackElo "2980"]
[Result "1-0"]
[Round "05"]
[TimeControl "180+2"]
[Date "2022.12.20"]
[WhiteClock "0:00:20"]
[BlackClock "0:00:02"]

1. g3 d5 2. Nf3 Nf6 3. Bg2 c5 4. O-O e6 5. c4 d4 6. e3 Nc6 7. Re1 Bd6 8. d3 h6 9. e4 e5 10. Nh4 Ne7 11. f4 Bg4 12. Bf3 Bd7 13. Nd2 Qc7 14. f5 a6 15. a3 b5 16. b3 Rb8 17. g4 Nc6 18. h3 Qd8 19. Ng2 Nh7 20. Be2 Be7 21. Rf1 Bg5 22. Qc2 Qe7 23. Kh2 h5 24. gxh5 Nf6 25. cxb5 axb5 26. Nf3 Bh6 27. Bxh6 Rxh6 28. Rac1 c4 29. bxc4 b4 30. axb4 Nxb4 31. Qd2 Nc6 32. Rb1 Rxh5 33. Rxb8+ Nxb8 34. Ra1 Qd6 35. c5 Qc7 36. Qb4 Bxf5 37. Ra8 Nd7 38. Nfh4 Rxh4 39. Nxh4 Be6 40. Bg4 Bxg4 41. hxg4 Qd8 42. Nf3 Qc7 43. Kg2 f6 44. g5 Kf7 45. Qc4+ Ke7 46. g6 Qc6 47. Qd5 f5 48. Nh4 fxe4 49. dxe4 Kf6 50. Qf7+ Kg5 51. Nf3+ Kh6 52. Qf5 Qxg6+ 53. Qxg6+ Kxg6 54. c6 Nxc6 55. Ra6 d3 56. Rxc6+ Kf7 57. Rd6 1-0


[Site "https://www.chess.com"]

[Event "Titled Tuesday Blitz December 20 Early 2022"]
[White "Narayanan, Srinath"]
[Black "Richterman, Pavel"]
[WhiteFideId "5018420"]
[BlackFideId "2829690"]
[WhiteElo "2559"]
[BlackElo "2062"]
[Result "1-0"]
[Round "05"]
[TimeControl "180+2"]
[Date "2022.12.20"]
[WhiteClock "0:00:45"]
[BlackClock "0:00:07"]

1. d4 Nf6 2. Nf3 e6 3. Bf4 d5 4. e3 Bd6 5. Ne5 Nfd7 6. Qg4 O-O 7. Bh6 Qf6 8. Bg5 Qf5 9. Qxf5 exf5 10. Nd3 c6 11. Nd2 Re8 12. c4 h6 13. Bf4 Bxf4 14. Nxf4 g5 15. Nh5 f4 16. Nf3 fxe3 17. fxe3 Rxe3+ 18. Kd2 Re7 19. Bd3 dxc4 20. Bxc4 Nb6 21. Bd3 Nd5 22. Rae1 Rxe1 23. Rxe1 Be6 24. h4 g4 25. Ne5 Nd7 26. Nxd7 Bxd7 27. Be4 Be6 28. Bxd5 cxd5 29. Nf4 Bf5 30. Nxd5 Kg7 31. Re5 Be6 32. Nc7 Rd8 33. Rxe6 Rxd4+ 34. Kc3 Rd7 35. Ne8+ Kf8 36. Re2 Rd1 37. Nf6 g3 38. Ne4 Rh1 39. Nxg3 Rxh4 40. Nf5 Rf4 41. Nd6 Kg7 42. Nxb7 Rg4 43. Nc5 h5 44. b4 h4 45. a4 h3 46. gxh3 Rg3+ 47. Kc4 Rxh3 48. Re7 Rh4+ 49. Kb5 a6+ 50. Nxa6 Rh5+ 51. Nc5 Kf6 52. Rc7 Rxc5+ 53. Rxc5 Ke6 54. a5 f5 55. a6 f4 56. a7 f3 57. a8=Q 1-0


[Site "https://www.chess.com"]

[Event "Titled Tuesday Blitz December 20 Early 2022"]
[White "Nenezic, Marko"]
[Black "Ruzele, Darius"]
[WhiteFideId "912123"]
[BlackFideId "12800104"]
[WhiteElo "2514"]
[BlackElo "2531"]
[Result "0-1"]
[Round "05"]
[TimeControl "180+2"]
[Date "2022.12.20"]
[WhiteClock "0:00:02"]
[BlackClock "0:00:07"]

1. d4 d5 2. Nf3 e6 3. g3 c5 4. Bg2 cxd4 5. Nxd4 Nc6 6. O-O Nf6 7. c4 Bc5 8. Nb3 Be7 9. cxd5 exd5 10. Nc3 d4 11. Bxc6+ bxc6 12. Qxd4 Qb6 13. Be3 c5 14. Nxc5 O-O 15. Nd3 Qa5 16. b4 Qh5 17. Nf4 Qf5 18. Ncd5 Bd8 19. Rac1 Bb7 20. Rfd1 Ng4 21. a4 Re8 22. b5 Nxe3 23. Nxe3 Qg5 24. Qd7 Qe7 25. Qxe7 Rxe7 26. Kf1 Bb6 27. Ned5 Re4 28. Nxb6 axb6 29. Nd5 Raxa4 30. Nxb6 Rad4 31. Rxd4 Rxd4 32. Nc4 g5 33. e3 Rd3 34. Ke2 Rb3 35. Nd6 Bd5 36. Rc5 Be6 37. Kd2 Rb2+ 38. Kc3 Rb1 39. b6 Rxb6 40. Nc4 Ra6 41. Rxg5+ Kf8 42. Rc5 Ra2 43. f4 Rg2 44. Kd4 Rxh2 45. Ne5 Kg7 0-1


[Site "https://www.chess.com"]

[Event "Titled Tuesday Blitz December 20 Early 2022"]
[White "Nithisker, P"]
[Black "Kucherov, Konstantin"]
[WhiteFideId "33434786"]
[BlackFideId "34136280"]
[WhiteElo "2346"]
[BlackElo "1983"]
[Result "1-0"]
[Round "05"]
[TimeControl "180+2"]
[Date "2022.12.20"]
[WhiteClock "0:00:05"]
[BlackClock "0:00:01"]

1. d4 d6 2. e4 Nf6 3. Nc3 g6 4. h3 a6 5. a4 b6 6. g3 Bb7 7. Bg2 Qc8 8. Nge2 Nbd7 9. Be3 Bg7 10. O-O e5 11. g4 O-O 12. Ng3 exd4 13. Bxd4 Nc5 14. g5 Nfd7 15. Bxg7 Kxg7 16. Qd4+ Kg8 17. f4 a5 18. h4 Re8 19. Bh3 Qd8 20. Nd5 Bxd5 21. Qxd5 Qe7 22. Bg2 Nf8 23. f5 Rac8 24. h5 c6 25. Qc4 Ncd7 26. fxg6 hxg6 27. hxg6 Nxg6 28. Nf5 Qe6 29. Nh6+ Kh8 30. Qxe6 Rxe6 31. Rxf7 Ndf8 32. Kf2 Nh7 33. Rh1 Nxg5 34. Nf5+ Kg8 35. Rg7+ Kf8 36. Rh6 Rf6 37. Rhxg6 Nxe4+ 38. Bxe4 Rxg6 39. Rxg6 d5 40. Rf6+ Ke8 41. Bd3 Kd7 42. Nd6 Rh8 43. Rg6 Rh2+ 44. Ke3 Rh3+ 45. Kf4 c5 46. Ke5 Kc6 47. Bf5 Rh2 48. Nb5+ Kb7 49. Rg7+ 1-0


[Site "https://www.chess.com"]

[Event "Titled Tuesday Blitz December 20 Early 2022"]
[White "NodariousBIG"]
[Black "FaustinoOro"]
[WhiteElo "2823"]
[BlackElo "2633"]
[Result "0-1"]
[Round "05"]
[TimeControl "180+2"]
[Date "2022.12.20"]
[WhiteClock "0:01:11"]
[BlackClock "0:00:18"]

1. e4 c5 2. c3 Nf6 3. e5 Nd5 4. d4 cxd4 5. Qxd4 e6 6. Nf3 Nc6 7. Qe4 f5 8. exf6 Nxf6 9. Qh4 Be7 10. Bd3 d5 11. Bg6+ Kd7 12. Bc2 Kc7 13. O-O Bd6 14. c4 Bd7 15. Nc3 a6 16. cxd5 Nxd5 17. Bg5 Qf8 18. Ne4 Bf4 19. Rad1 h6 20. Bxf4+ Nxf4 21. Rfe1 g5 22. Qg3 Rd8 23. h4 Kb8 24. hxg5 hxg5 25. Nfxg5 Ka8 26. f3 e5 27. Qf2 Nd4 28. Bb3 Bb5 29. a4 Nde2+ 30. Rxe2 Nxe2+ 31. Qxe2 Bxe2 32. Re1 Bd3 33. Ne6 Qh6 34. Nxd8 Rxd8 35. Nf2 Qd2 36. Rd1 Qxb2 37. Be6 Qb6 38. Bf5 Bxf5 0-1


[Site "https://www.chess.com"]

[Event "Titled Tuesday Blitz December 20 Early 2022"]
[White "Ong, Chong Ghee"]
[Black "Ademi, Sead"]
[WhiteFideId "5800145"]
[BlackFideId "906514"]
[WhiteElo "2307"]
[BlackElo "2168"]
[Result "0-1"]
[Round "05"]
[TimeControl "180+2"]
[Date "2022.12.20"]
[WhiteClock "0:00:03"]
[BlackClock "0:00:01"]

1. d4 d5 2. Bg5 Nf6 3. Bxf6 exf6 4. e3 Be7 5. g3 O-O 6. Bg2 c6 7. Ne2 Bf5 8. Nd2 Nd7 9. O-O Bg6 10. c4 Nb6 11. Rc1 dxc4 12. Nxc4 Nxc4 13. Rxc4 Rc8 14. a3 Bf5 15. b4 Be6 16. Rc3 Bd5 17. Bxd5 Qxd5 18. Nf4 Qe4 19. Qc2 Qxc2 20. Rxc2 Bd6 21. Nd3 Ra8 22. Rfc1 a5 23. Nc5 Bxc5 24. bxc5 Rac8 25. Rb1 Rc7 26. Rcb2 Rb8 27. Rb6 Kf8 28. Ra6 Ke7 29. Rxa5 Ke6 30. Ra7 Kd5 31. Rb4 Ke4 32. Kf1 Kd3 33. Ke1 Kc3 34. Kd1 f5 35. Rb6 g5 36. a4 f4 37. a5 fxe3 38. fxe3 Kd3 39. a6 Kxe3 40. Raxb7 Rcxb7 41. Rxb7 Ra8 42. a7 Kxd4 43. Rxf7 h6 44. Rh7 Kxc5 45. Ke2 Kd5 46. Kf3 c5 47. Kg4 c4 48. Kh5 Kc6 49. Rxh6+ Kc5 50. Rh7 Kc6 51. Kxg5 c3 52. Rh4 Kc5 53. Re4 c2 54. Re1 Kd4 55. Rc1 Kc3 56. h4 Rxa7 57. h5 Rg7+ 58. Kh4 Kd2 59. Ra1 c1=Q 60. Rxc1 Kxc1 61. h6 Rg8 62. g4 Kd2 63. Kh5 Ke3 64. h7 Rh8 65. g5 Rxh7+ 66. Kg6 Ra7 67. Kf6 Kf4 68. g6 Ra6+ 69. Kf7 Kf5 70. g7 Ra7+ 71. Kf8 Ra8+ 72. Kf7 Ra7+ 73. Kf8 Kf6 74. g8=N+ Ke6 75. Nh6 Rh7 76. Ng8 Rc7 77. Nh6 Kf6 78. Ng8+ Kg6 79. Ne7+ Kf6 80. Ng8+ Ke5 81. Ke8 Ke6 82. Kf8 Rf7+ 83. Ke8 Rg7 84. Kf8 Rf7+ 85. Ke8 Rh7 86. Kf8 Rh8 87. Kg7 Rh1 88. Kf8 Kf5 89. Kf7 Rh7+ 90. Ke8 Kg6 91. Ne7+ Kf6 92. Nd5+ Ke5 0-1


[Site "https://www.chess.com"]

[Event "Titled Tuesday Blitz December 20 Early 2022"]
[White "OparinGrigoriy"]
[Black "Ball, John D L"]
[BlackFideId "402150"]
[WhiteElo "3013"]
[BlackElo "2230"]
[Result "1-0"]
[Round "05"]
[TimeControl "180+2"]
[Date "2022.12.20"]
[WhiteClock "0:00:10"]
[BlackClock "0:00:04"]

1. d4 d5 2. c4 e6 3. Nf3 Nf6 4. g3 c5 5. cxd5 cxd4 6. dxe6 Bxe6 7. Nxd4 Bc5 8. e3 Bxd4 9. Qxd4 Qxd4 10. exd4 Nc6 11. Be3 O-O-O 12. Bg2 Nxd4 13. Na3 Bd5 14. Bxd5 Rxd5 15. O-O b6 16. Kg2 Rhd8 17. Rfe1 Kb7 18. Rac1 R8d7 19. h3 h6 20. g4 Ne6 21. Nc4 Nc5 22. Bxc5 Rxc5 23. b3 Rcd5 24. Rc3 Rc7 25. Rce3 Rdd7 26. Kg3 b5 27. Ne5 Rd4 28. f3 Kb6 29. h4 a5 30. R3e2 a4 31. bxa4 Rxa4 32. Rb2 Rca7 33. Reb1 R7a5 34. Nxf7 Rxa2 35. Nd6 Rxb2 36. Rxb2 Kc5 37. Nf5 Ra7 38. Rc2+ Kb6 39. Nd4 b4 40. Rc6+ Ka5 41. Rd6 Rb7 42. g5 hxg5 43. hxg5 Ne8 44. Rd5+ Ka4 45. Rd8 Nc7 46. Rd7 b3 47. Nxb3 Kxb3 48. Rxg7 Kc4 49. Rd7 Kb5 50. g6 Kb6 51. g7 Rb8 52. f4 Ne6 53. f5 Ng5 54. Kf4 Nh7 55. Rf7 Kc6 56. f6 Kd6 57. Kf5 Rg8 58. Kg6 Nxf6 59. Kxf6 Re8 60. Rf8 Re6+ 61. Kg5 Re1 62. g8=Q Rg1+ 63. Kf5 Rf1+ 64. Ke4 Rxf8 65. Qxf8+ 1-0


[Site "https://www.chess.com"]

[Event "Titled Tuesday Blitz December 20 Early 2022"]
[White "Orange_Ghost"]
[Black "tusplingher"]
[WhiteElo "2740"]
[BlackElo "2362"]
[Result "1-0"]
[Round "05"]
[TimeControl "180+2"]
[Date "2022.12.20"]
[WhiteClock "0:01:32"]
[BlackClock "0:00:01"]

1. d4 Nf6 2. c4 e6 3. Nc3 Bb4 4. e3 O-O 5. Bd2 d5 6. Nf3 b6 7. Rc1 Bb7 8. cxd5 exd5 9. Bd3 Bxc3 10. Bxc3 Nbd7 11. O-O Qe7 12. Qa4 Rfc8 13. Bf5 g6 14. Bh3 c6 15. Bb4 Qe8 16. Nd2 Rd8 17. Bd6 Ne4 18. Nxe4 Qxe4 19. Bc7 Rdc8 20. Bf4 Qe7 21. Qa3 Qxa3 22. bxa3 Rd8 23. Bc7 Rdc8 24. Bg3 f5 25. Bh4 Kf7 26. g4 Rg8 27. gxf5 gxf5+ 28. Kh1 Ke6 29. Rg1 Rxg1+ 30. Rxg1 c5 31. Rg7 cxd4 32. Re7+ Kd6 33. Bxf5 Nc5 34. exd4 Na4 35. Rxb7 Nc3 36. Bg3+ Kc6 37. Rc7+ Kb5 38. Bd3+ Ka4 39. Rxc3 Re8 40. Kg2 h5 41. Bd6 h4 42. Bb4 a5 43. Bd6 h3+ 44. Kf1 Rh8 45. Rb3 Rd8 46. Bb5# 1-0


[Site "https://www.chess.com"]

[Event "Titled Tuesday Blitz December 20 Early 2022"]
[White "Patricks, Anastasia"]
[Black "Oleksandr_Bortnyk"]
[WhiteFideId "7101929"]
[WhiteElo "1778"]
[BlackElo "2984"]
[Result "1-0"]
[Round "05"]
[TimeControl "180+2"]
[Date "2022.12.20"]
[WhiteClock "0:00:35"]
[BlackClock "0:00:02"]

1. c4 d6 2. g3 e5 3. Bg2 g6 4. Nc3 Bg7 5. h4 h6 6. d3 Nc6 7. Nf3 Nge7 8. Rb1 a5 9. a3 f5 10. Bd2 O-O 11. b4 Be6 12. Qc1 axb4 13. axb4 Kh7 14. h5 g5 15. Bxg5 e4 16. dxe4 fxe4 17. Nxe4 Bf5 18. Nh4 hxg5 19. Nxg5+ Kh8 20. h6 Bf6 21. Nxf5 Nxf5 22. Ne6 Qe7 23. Nxf8 Rxf8 24. Bf3 Nfd4 25. Kf1 Ne5 26. Kg2 Bg5 27. Qc3 Ndxf3 28. exf3 Rxf3 29. Qd4 Qf6 30. Ra1 Qf8 31. Rh5 Rxg3+ 32. Kf1 Rd3 33. Qe4 Bf6 34. Qxb7 Rf3 35. Ra8 1-0


[Site "https://www.chess.com"]

[Event "Titled Tuesday Blitz December 20 Early 2022"]
[White "Prasad, M.V.S"]
[Black "Linhart, Wolfgang"]
[WhiteFideId "5018790"]
[BlackFideId "4636244"]
[WhiteElo "1945"]
[BlackElo "2114"]
[Result "1-0"]
[Round "05"]
[TimeControl "180+2"]
[Date "2022.12.20"]
[WhiteClock "0:00:44"]
[BlackClock "0:00:05"]

1. e4 c5 2. Nf3 d6 3. d4 cxd4 4. Nxd4 Nf6 5. Nc3 Nc6 6. Bc4 e6 7. Bb3 a6 8. Be3 Qc7 9. Qe2 b5 10. O-O-O Na5 11. g4 Nc4 12. g5 Nd7 13. Ndxb5 axb5 14. Nxb5 Qc6 15. Qxc4 Ra6 16. Nc7+ Kd8 17. Nxa6 Qxa6 18. Qxa6 Bxa6 19. Bf4 Kc7 20. Rhe1 h6 21. g6 e5 22. Be3 fxg6 23. Bd5 Be7 24. c4 Rd8 25. b4 Bb7 26. Bxb7 Kxb7 27. Kc2 Ra8 28. Kb3 Nf6 29. f3 Kc7 30. a4 Rb8 31. b5 g5 32. a5 Nd7 33. a6 Nb6 34. Bxb6+ Kxb6 35. Rd5 Rf8 36. Re3 h5 37. Red3 Rf6 38. c5+ dxc5 39. Kc4 g4 40. Rd7 Re6 41. Rb7+ Ka5 42. a7 gxf3 43. a8=R+ 1-0


[Site "https://www.chess.com"]

[Event "Titled Tuesday Blitz December 20 Early 2022"]
[White "ProfessorChess101"]
[Black "Tomescu, Vlad"]
[BlackFideId "1201026"]
[WhiteElo "2662"]
[BlackElo "2323"]
[Result "1/2-1/2"]
[Round "05"]
[TimeControl "180+2"]
[Date "2022.12.20"]
[WhiteClock "0:00:04"]
[BlackClock "0:00:13"]

1. e4 c6 2. Nf3 d5 3. Nc3 Nf6 4. e5 Ne4 5. Ne2 Qb6 6. d4 e6 7. Ng3 c5 8. Bd3 Nxg3 9. hxg3 Nc6 10. c3 cxd4 11. cxd4 Bd7 12. Be3 Nb4 13. Be2 Rc8 14. Rc1 Rxc1 15. Qxc1 Nxa2 16. Qa1 Nb4 17. Qb1 h6 18. g4 Bb5 19. Qd1 Qa6 20. Kf1 Be7 21. g5 h5 22. Bxb5+ Qxb5+ 23. Qe2 Qxe2+ 24. Kxe2 g6 25. g4 Kd7 26. Ne1 h4 27. Ng2 Rc8 28. Kf3 Rc2 29. Rxh4 Rxb2 30. Rh7 a5 31. Rxf7 a4 32. Nf4 a3 33. Bc1 Rb3+ 34. Kg2 a2 35. Nxg6 Nc6 36. Nxe7 Nxe7 37. g6 a1=Q 38. g7 Qxc1 39. g8=Q Rb1 40. Rxe7+ Kxe7 41. Qg7+ Kd8 42. Qf8+ Kc7 43. Qd6+ Kc8 44. Qf8+ Kd7 45. Qd6+ Ke8 46. Qxe6+ Kf8 47. Qf6+ Kg8 48. Qg6+ Kh8 49. Qe8+ Kg7 50. Qe7+ Kh6 51. Qf6+ Kh7 52. Qf7+ Kh8 53. Qf8+ Kh7 54. Qf7+ Kh6 55. Qf6+ Kh7 56. Qf7+ 1/2-1/2


[Site "https://www.chess.com"]

[Event "Titled Tuesday Blitz December 20 Early 2022"]
[White "Rakhmanov_Aleksandr"]
[Black "googlegoom"]
[WhiteElo "2797"]
[BlackElo "2581"]
[Result "1-0"]
[Round "05"]
[TimeControl "180+2"]
[Date "2022.12.20"]
[WhiteClock "0:00:24"]
[BlackClock "0:01:25"]

1. d4 d5 2. c4 c6 3. cxd5 cxd5 4. Nf3 Nf6 5. Nc3 Nc6 6. Bf4 e6 7. e3 Be7 8. Bd3 Bd7 9. Ne5 Rc8 10. O-O Na5 11. Rc1 Nc4 12. Qe2 Nd6 13. h3 O-O 14. f3 a6 15. g4 b5 16. h4 Nc4 17. b3 Nd6 18. h5 h6 19. Qg2 Nh7 20. Bh2 b4 21. Ne2 Bb5 22. Nf4 Ng5 23. Bg3 Nh7 24. Kh2 Qb6 25. Bxb5 Nxb5 26. Nd7 Qb7 27. Nxf8 Bxf8 28. Rxc8 Qxc8 29. Qd2 Nc3 30. Kg2 Ng5 31. Rc1 a5 32. Ne2 Qb7 33. Nxc3 bxc3 34. Qxc3 Bb4 35. Qc8+ 1-0


[Site "https://www.chess.com"]

[Event "Titled Tuesday Blitz December 20 Early 2022"]
[White "Rapy, Francois"]
[Black "Paspuel, Trosky"]
[WhiteFideId "26041324"]
[BlackFideId "3602150"]
[WhiteElo "1642"]
[BlackElo "1721"]
[Result "1/2-1/2"]
[Round "05"]
[TimeControl "180+2"]
[Date "2022.12.20"]
[WhiteClock "0:00:07"]
[BlackClock "0:00:06"]

1. e4 c6 2. d4 d5 3. f3 Qb6 4. a4 a5 5. Nc3 dxe4 6. fxe4 e5 7. Nf3 exd4 8. Qxd4 Qxd4 9. Nxd4 Bc5 10. Nb3 Bd6 11. Be3 Nf6 12. O-O-O Bc7 13. Bd4 Nbd7 14. Bd3 Ne5 15. Rdf1 O-O 16. Nd2 Be6 17. Nf3 Nxd3+ 18. cxd3 Rad8 19. Bxf6 gxf6 20. Kc2 f5 21. Nh4 fxe4 22. Nxe4 f5 23. Ng5 Bc8 24. Rhg1 Rd4 25. Nhf3 Rxa4 26. d4 h6 27. Nh3 c5 28. b3 Ra2+ 29. Kb1 Re2 30. dxc5 f4 31. Nf2 Bf5+ 32. Kc1 Rd8 33. Rd1 Rxf2 34. Nd4 Bg6 35. Rge1 Re8 36. Ne6 Bb8 37. Rd7 Rxg2 38. Rg7+ Kh8 39. Rxb7 Be5 40. Rxe5 Bf5 41. Rxf5 Rxe6 42. Rf8+ Rg8 43. Rff7 Rge8 44. Rh7+ Kg8 45. Rbg7+ Kf8 46. Rf7+ Kg8 47. Rhg7+ Kh8 48. Rh7+ Kg8 49. Rhg7+ Kh8 50. Rh7+ Kg8 1/2-1/2


[Site "https://www.chess.com"]

[Event "Titled Tuesday Blitz December 20 Early 2022"]
[White "RianKapriaga"]
[Black "MalyDominator"]
[WhiteElo "2327"]
[BlackElo "2428"]
[Result "1-0"]
[Round "05"]
[TimeControl "180+2"]
[Date "2022.12.20"]
[WhiteClock "0:00:21"]
[BlackClock "0:00:14"]

1. d4 Nf6 2. Nf3 e6 3. Bf4 d5 4. e3 Be7 5. Nbd2 O-O 6. Bd3 Nh5 7. Bg3 Nxg3 8. hxg3 h6 9. Ne5 Nd7 10. f4 Nxe5 11. fxe5 c5 12. c3 Bg5 13. Qe2 f5 14. O-O-O cxd4 15. exd4 Bd7 16. Kb1 Rb8 17. g4 g6 18. gxf5 gxf5 19. g4 f4 20. Nf3 Rf7 21. Rh5 Rg7 22. Rdh1 Qc7 23. Qh2 Rf8 24. Nxg5 hxg5 25. Rh7 Be8 26. Qh6 f3 27. Rh8+ Kf7 28. Qf6# 1-0


[Site "https://www.chess.com"]

[Event "Titled Tuesday Blitz December 20 Early 2022"]
[White "Rostolis, Riccardo"]
[Black "HackingKid98"]
[WhiteFideId "819948"]
[WhiteElo "1968"]
[BlackElo "2488"]
[Result "0-1"]
[Round "05"]
[TimeControl "180+2"]
[Date "2022.12.20"]
[WhiteClock "0:00:49"]
[BlackClock "0:01:39"]

1. e4 c5 2. Nf3 g6 3. c4 Nc6 4. d4 cxd4 5. Nxd4 Nf6 6. Nc3 d6 7. Be2 Nxd4 8. Qxd4 Bg7 9. Bg5 O-O 10. Qd2 a5 11. Rc1 a4 12. f3 Qa5 13. O-O Be6 14. Rfd1 Rfc8 15. Nd5 Qxd2 16. Bxd2 Bxd5 17. cxd5 Nd7 18. Bb5 Nc5 19. Bc3 Bxc3 20. Rxc3 Rc7 21. Rdc1 b6 22. Bc6 Ra5 23. Rc4 Rca7 24. Kf1 b5 25. Rd4 b4 26. Rxb4 Kg7 27. Ke2 f5 28. exf5 gxf5 29. Rb8 Na6 30. Rb4 Nxb4 0-1


[Site "https://www.chess.com"]

[Event "Titled Tuesday Blitz December 20 Early 2022"]
[White "Rud_Makarian"]
[Black "Salles, Louis"]
[BlackFideId "20641826"]
[WhiteElo "2889"]
[BlackElo "2287"]
[Result "1/2-1/2"]
[Round "05"]
[TimeControl "180+2"]
[Date "2022.12.20"]
[WhiteClock "0:00:09"]
[BlackClock "0:00:21"]

1. d4 Nf6 2. Bg5 c5 3. Bxf6 gxf6 4. d5 d6 5. Nc3 f5 6. Nf3 Bg7 7. e3 Qa5 8. Qd2 a6 9. Bd3 b5 10. Nh4 e6 11. O-O Bf6 12. dxe6 Bxh4 13. exf7+ Kxf7 14. Qe2 Bf6 15. Nd5 Qd8 16. Qh5+ Kg7 17. Bxf5 Bxf5 18. Qxf5 Rf8 19. Rad1 Ra7 20. c3 Nc6 21. Rd2 Kh8 22. Qh3 Ne5 23. Rfd1 Nc4 24. Re2 Rg7 25. b3 Nb6 26. Red2 Nxd5 27. Rxd5 Bxc3 28. Rxd6 Qa5 29. Qh4 Qb4 30. Qxb4 Bxb4 31. Rxa6 Rc7 32. Rb6 Ra7 33. Rxb5 Rxa2 34. f4 Re2 35. Rb7 Rxe3 36. g3 Bc3 37. Rdd7 Bd4 38. Kg2 Rfe8 39. Rxh7+ Kg8 40. Rhd7 Re2+ 41. Kh3 Bf6 42. Rdc7 Be7 43. Kg4 Kf7 44. h4 Re3 45. h5 Rg8+ 46. Kf5 Rgxg3 47. Rxc5 Rxb3 48. Rxb3 Rxb3 49. Rc7 Rh3 50. Kg4 Rh4+ 51. Kg3 Rxh5 52. Kf3 Ke6 53. Rc4 Bd6 54. Ra4 Rh1 55. Kg4 Rg1+ 56. Kf3 Kd5 57. Ra5+ Bc5 58. Ra8 Rf1+ 59. Kg4 Bd4 60. Rd8+ Ke4 61. Re8+ Kd3 62. Kg5 Be3 63. Rf8 Ke4 64. Re8+ Kf3 65. Rf8 Rg1+ 66. Kf5 Bxf4 67. Ra8 Rg5+ 68. Ke6 Re5+ 69. Kf7 Kg4 70. Ra1 Kf5 71. Rf1 Rb5 72. Kf8 Rb7 73. Rf2 Kg5 74. Ke8 Be5 75. Kd8 Bf6+ 76. Kc8 Re7 77. Rd2 Kg6 78. Rd7 Re5 79. Kb7 Kf5 80. Kc6 Be7 81. Rd5 Rxd5 82. Kxd5 1/2-1/2


[Site "https://www.chess.com"]

[Event "Titled Tuesday Blitz December 20 Early 2022"]
[White "Salomez, Maxime"]
[Black "Truequitos"]
[WhiteFideId "652079600"]
[WhiteElo "1359"]
[BlackElo "2536"]
[Result "1-0"]
[Round "05"]
[TimeControl "180+2"]
[Date "2022.12.20"]
[WhiteClock "0:00:07"]
[BlackClock "0:00:03"]

1. e4 e6 2. d4 c5 3. Nf3 a6 4. Nc3 b5 5. Bd3 b4 6. Ne2 Nf6 7. c3 Bb7 8. Ng3 d5 9. e5 Ne4 10. cxb4 c4 11. Bc2 Bxb4+ 12. Kf1 O-O 13. Qe2 f5 14. exf6 Nxf6 15. h4 Qd6 16. h5 Nbd7 17. h6 g6 18. Bg5 Ng4 19. a3 Ba5 20. Bd2 Bc7 21. Bb4 Qf4 22. Bxf8 Rxf8 23. Qxe6+ Rf7 24. Bxg6 hxg6 25. Qxg6+ Kh8 26. h7 Rf8 27. Nh5 Qf7 28. Qxg4 Nf6 29. Nxf6 Qxf6 30. Re1 Bc8 31. Qg5 Qf7 32. Re7 Qf6 33. Qxf6+ Rxf6 34. Re8+ 1-0


[Site "https://www.chess.com"]